AoeStats
← AiM | CyclopsTron

Socotra

506573460Analyzed
4v4 RM · 18d ago on Sep 14, 2026· 28m 37s· 8 players
Game mode
Random Map
Map size
148×148
Population
200
Speed
Normal
Resources
Standard
Victory
Conquest
Starting age
Dark Age
Ending age
Imperial Age
RankedLock teamsTeams togetherTeam positionsShared explorationLock speedFull tech treeHidden civsTurbo modeCheats
Victory
Defeat
🇲🇽 Maya · Mexico
1732
+12
🇲🇽 Georgians · Mexico
1581
+18
🇨🇴 Ethiopians · Colombia
1548
+20
🇲🇽 Magyars · Mexico
1533
+20
🇻🇳 Goths · Vietnam
1680
-19
🇨🇳 Poles · China
1645
-18
🇻🇳 Franks · Vietnam
1608
-17
🇦🇷 Malay · Argentina
1604
-16
Kant be real
2:40 Loom
10:29 Feudal Age
15:46 Fletching
18:26 Padded Archer Armor
Sói
11:01 Feudal Age
12:23 Loom
16:09 Castle Age
14:54 Double-Bit Axe
16:08 Scale Barding Armor
19:34 Wheelbarrow
19:29 Bow Saw
20:55 Chain Barding Armor
21:31 Husbandry
22:23 Forging
27:23 Iron Casting
ChauNg
0:26 Loom
13:05 Feudal Age
17:01 Castle Age
15:24 Double-Bit Axe
15:39 Horse Collar
18:02 Bow Saw
19:10 Fletching
23:41 Scale Mail Armor
我是你巴巴
6:18 Loom
8:46 Feudal Age
9:18 Double-Bit Axe
10:33 Horse Collar
20:06 Bloodlines
21:15 Scale Barding Armor
25:58 Forging
28:25 Castle Age
Argo_
5:47 Loom
8:40 Feudal Age
9:13 Double-Bit Axe
21:39 Castle Age
19:53 Gold Mining
19:44 Horse Collar
20:49 Bloodlines
20:55 Scale Barding Armor
22:58 Chain Barding Armor
VZ | Nescar
2:01 Loom
12:29 Feudal Age
13:01 Double-Bit Axe
21:36 Castle Age
25:54 Horse Collar
AiM | CyclopsTron
0:27 Loom
10:16 Feudal Age
13:35 Fletching
20:52 Horse Collar
23:49 Castle Age
23:18 Gold Mining
24:26 Bodkin Arrow
23:52 Crossbowman
26:24 Padded Archer Armor
26:18 Town Watch
26:19 Double-Bit Axe
28:04 Wheelbarrow
28:09 Bow Saw
LeBotut
6:51 Loom
8:44 Feudal Age
9:34 Double-Bit Axe
15:49 Scale Barding Armor
22:35 Castle Age
21:43 Forging
22:05 Bloodlines
23:42 Chain Barding Armor
25:42 Bow Saw
27:40 Horse Collar
Connection lost

Rejoining the realm…

Still unreachable

The connection could not be restored.

Session expired

The server has moved on; the page needs a fresh start.